 Dungeon Crawl Stone Soup version 0.28.0-53-g5a82cb258f (webtiles) character file.

Game seed: 17325527211333981693

545 gobodom the Stinger (level 7, -10/48 HPs)
             Began as a Demonspawn Venom Mage on June 20, 2022.
             Mangled by an ogre
             ... wielding a +0 giant club
              (23 damage)
             ... on level 4 of the Dungeon.
             The game lasted 00:21:16 (4682 turns).

gobodom the Stinger (Demonspawn Venom Mage)         Turns: 4682, Time: 00:21:17

Health: -10/48     AC:  8    Str: 10    XL:     7   Next: 6%
Magic:  12/13      EV: 12    Int: 17    God:
Gold:   208        SH:  0    Dex: 13    Spells: 7/14 levels left

rFire   . . .      SeeInvis .   n - +0 dagger (elec)
rCold   . . .      Faith    .   (no shield)
rNeg    . . .      Spirit   .   a - +1 robe
rPois   .          Reflect  .   (helmet restricted)
rElec   .          Harm     .   e - +1 cloak
rCorr   .          Rampage  .   (no gloves)
Will    +....                   i - +0 pair of boots
Stlth   ++........              (no amulet)
HPRegen 0.16/turn               k - ring of willpower
MPRegen 0.13/turn               (no ring)

@: no status effects
A: antennae 1, icy blue scales 1, powered by pain 1
a: no special abilities


You were on level 4 of the Dungeon.
You visited 1 branch of the dungeon, and saw 4 of its levels.

You collected 208 gold pieces.

Inventory:

Hand Weapons
 d - a +1 dagger
 n - a +0 dagger of electrocution (weapon)
 q - the +9 hunting sling "Cammizeu" {freeze, rElec rN+++ Int+3 Stlth-}
   (You found it on level 4 of the Dungeon)

   Any ammunition fired from it freezes those it strikes, dealing additional
   cold damage.
   It can also slow down cold-blooded creatures.
   Int:       It affects your intelligence (+3).
   rElec:     It insulates you from electricity.
   rN:        It renders you almost immune to negative energy.
   Stlth:     It makes you less stealthy.
 s - a +1 whip of pain
Missiles
 g - 7 javelins
 l - 4 poisoned darts
Armour
 a - a +1 robe (worn)
 e - a +1 cloak (worn)
 i - a +0 pair of boots (worn)
Jewellery
 k - a ring of willpower (left hand)
Wands
 f - a wand of flame (4) (quivered)
 r - a wand of iceblast (11)
Scrolls
 o - a scroll of identify
 p - a scroll of silence {unknown}
 t - a scroll of immolation {unknown}
Potions
 b - a potion of curing
 c - a potion of resistance
 h - 2 potions of heal wounds {unknown}
 j - a potion of mutation
 m - a potion of might {unknown}


   Skills:
 + Level 1.0 Fighting
 + Level 1.4 Short Blades
 + Level 2.2 Dodging
 + Level 2.4 Stealth
 + Level 4.2 Spellcasting
 + Level 1.9 Transmutations
 + Level 2.0 Air Magic
 + Level 4.8 Poison Magic
 + Level 0.8 Evocations


You had 7 spell levels left.
You knew the following spells:

 Your Spells              Type           Power      Damage    Failure   Level
a - Sting                 Tmut/Pois      60%        1d6       3%          1
b - Poisonous Vapours     Pois/Air       30%        N/A       6%          2
c - Olgreb's Toxic Radia  Pois           19%        N/A       22%         4

Your spell library contained the following spells:

 Spells                   Type           Power      Damage    Failure   Level
 Mephitic Cloud           Conj/Pois/Air  11%        N/A       19%         3
 Summon Guardian Golem    Hex/Summ       3%         N/A       43%         3
 Airstrike                Air            5%         N/A       54%         4
 Summon Lightning Spire   Summ/Air       7%         N/A       69%         4
 Lightning Bolt           Conj/Air       3%         1d15      95%         5
 Orb of Destruction       Conj           1%         9d5       100%        7
 Spellforged Servitor     Conj/Summ      1%         N/A       100%        7


Dungeon Overview and Level Annotations

Branches:
Dungeon (4/15)
 Temple: D:4-7

Altars:
Ashenzari
Dithmenos
Trog

Shops:
D:4 :


Innate Abilities, Weirdness & Mutations

You have a pair of small antennae on your head.
You are partially covered in icy blue scales. (AC +2)
You sometimes gain a little power by taking damage.


Message History

Aiming: Sting (safe; 3% risk of failure)
Press: ? - help, Shift-Dir - straight line, f/p - ogre
Aim: an ogre, wielding a +0 giant club (lightly wounded, poisoned, 88% to hit)
Okay, then.
The ogre looks more healthy.
Things that are here:
a +0 club; 4 stones
Aiming: Iceblast
Press: ? - help, Q - select action, (/) - cycle Shift-Dir - straight line, f/p - ogre
Aim: an ogre, wielding a +0 giant club (lightly wounded)
The mass of ice explodes!
The iceblast engulfs the ogre.
The ogre is moderately wounded.
Aiming: Throw Flame
Press: ? - help, Q - select action, (/) - cycle Shift-Dir - straight line, f/p - ogre
Aim: an ogre, wielding a +0 giant club (moderately wounded, 85% to hit)
The puff of flame hits the ogre!
The ogre is heavily wounded.
The ogre barely misses you.
Aiming: Throw Flame
Press: ? - help, Q - select action, (/) - cycle Shift-Dir - straight line, f/p - ogre
Aim: an ogre, wielding a +0 giant club (heavily wounded, 85% to hit)
The puff of flame hits the ogre.
The ogre is severely wounded.
Aiming: Throw Flame
Press: ? - help, Q - select action, (/) - cycle Shift-Dir - straight line, f/p - ogre
Aim: an ogre, wielding a +0 giant club (severely wounded, 85% to hit)
The puff of flame hits the ogre.
The ogre is severely wounded.
The ogre hits you with a +0 giant club!
* * * LOW HITPOINT WARNING * * *
Casting: Sting (safe; 3% risk of failure)
Confirm with . or Enter, or press ? or * to list all spells.
Aiming: Sting (safe; 3% risk of failure)
Press: ? - help, Shift-Dir - straight line, f/p - ogre
Aim: an ogre, wielding a +0 giant club (severely wounded, 88% to hit)
The sting hits the ogre but does no damage.
The ogre is poisoned.
The ogre is severely wounded.
The ogre hits you with a +0 giant club!!
You die...

.###............8...∩..[8..#
.# #.......................#
'###..................<....#
.....########....##........#
##...##..####....##.8......#
.....#..........(.#........#
.....#............#........#
.....#............#........#
.....#...>......@.#........#
.....#..........O.#........#
##...###...###...##........#
##...###...###...##[.......#
......#(.....§...#.........#
.....).........§.#.........#
........≈≈≈§§≈§≈.#.........#
.......§§..§§..≈.'.........#
.......≈.#####.§.#.........#


You could see an ogre (poisoned).

Vanquished Creatures
  A black bear (D:4)
  A sky beast (D:3)
  A phantom (D:4)
  2 scorpions
  A howler monkey (D:4)
  A bullfrog zombie (D:3)
  An orc wizard (D:4)
  A howler monkey skeleton (D:4)
  2 adders
  A dart slug (D:4)
  2 orcs (D:4)
  6 ball pythons
  A bat (D:1)
  3 endoplasms
  3 giant cockroaches
  4 goblins
  7 hobgoblins
  4 quokkas
  3 frilled lizards
  4 kobolds
  2 rats
51 creatures vanquished.

Notes
Turn   | Place    | Note
-------+----------+-------------------------------------------
     0 | D:1      | gobodom the Demonspawn Venom Mage began the quest for the
                  | Orb.
     0 | D:1      | Reached XP level 1. HP: 13/13 MP: 3/3
   442 | D:1      | Gained mutation: You sometimes gain a little power by
                  | taking damage. [demonic ancestry]
   442 | D:1      | Reached XP level 2. HP: 15/19 MP: 3/5
  1281 | D:1      | Learned a level 2 spell: Poisonous Vapours
  1410 | D:2      | Reached skill level 1 in Transmutations
  1709 | D:2      | Found a faded altar of an unknown god.
  2722 | D:3      | Reached XP level 3. HP: 14/24 MP: 7/7
  2722 | D:3      | Noticed a scorpion
  2730 | D:3      | Killed a scorpion
  2731 | D:3      | Gained mutation: You are partially covered in icy blue
                  | scales. (AC +2) [demonic ancestry]
  2731 | D:3      | Reached XP level 4. HP: 18/30 MP: 0/8
  2906 | D:3      | Noticed a sky beast
  2923 | D:3      | Found a shadowy altar of Dithmenos.
  2987 | D:3      | Killed a sky beast
  2988 | D:3      | Reached skill level 1 in Air Magic
  2988 | D:3      | Gained mutation: You have a pair of small antennae on your
                  | head. [demonic ancestry]
  2988 | D:3      | Reached XP level 5. HP: 16/36 MP: 1/10
  3369 | D:3      | Reached skill level 1 in Short Blades
  3672 | D:3      | Learned a level 4 spell: Olgreb's Toxic Radiance
  3694 | D:4      | Noticed a black bear
  3713 | D:4      | Killed a black bear
  3714 | D:4      | Reached XP level 6. HP: 36/42 MP: 2/11
  3986 | D:4      | Found Sal Esax's Book Boutique.
  4067 | D:4      | Found a broken altar of Ashenzari.
  4287 | D:4      | Identified the +9 hunting sling "Cammizeu" {freeze, rElec
                  | rN+++ Int+3 Stlth-}
  4421 | D:4      | Found a bloodstained altar of Trog.
  4449 | D:4      | Reached skill level 1 in Fighting
  4449 | D:4      | Reached XP level 7. HP: 38/48 MP: 9/13
  4682 | D:4      | Mangled by an ogre

Illustrated notes

Levels and vault maps discovered:
D:1:      dpeg_arrival_radiant, layout_loops_ring, roderic_lattice_a
D:2:      layout_basic, chequers_ecumenical_altar_simple, eino_tiny_chamber
D:3:      layout_rooms, lemuel_round_altar, dk_noncrumbling_2
D:4:      layout_gridville, mainiacjoe_overflow_brackets, zin_statuary,
          lemuel_doored_altar, serial_shops, nicolae_stop_n_shop_1

Skill      XL: |  1  2  3  4  5  6 |
---------------+-------------------+-----
Transmutations | 1 |  1.9
Stealth        | 2 |  2.4
Dodging        | 2 |  2.2
Spellcasting   | 3 4 |  4.2
Air Magic      | 1 2 |  2.0
Poison Magic   | 4 |  4.8
Short Blades   | 1 |  1.4
Fighting       | 1 |  1.0
Evocations     | |  0.8

Action                   |  1- 3 |  4- 6 |  7- 9 || total
-------------------------+-------+-------+-------++-------
Melee: Dagger            |    41 |    68 |     4 ||   113
       Unarmed           |     3 |       |       ||     3
       Punch             |       |     1 |       ||     1
 Cast: Sting             |    27 |    18 |     4 ||    49
       Poisonous Vapours |    10 |    26 |     7 ||    43
Evoke: Wand              |     4 |     5 |     4 ||    13
  Use: Scroll            |     6 |     2 |       ||     8
       Potion            |       |     1 |       ||     1
Armor: Robe              |    12 |    39 |       ||    51
Dodge: Dodged            |    27 |    41 |     5 ||    73
